 Dungeon Crawl Stone Soup version 0.22.1-2-g9c5b331 (webtiles) character file.

16430 Fang the Cleaver (level 12, 0/78 HPs)
             Began as a Gargoyle Berserker on Dec 11, 2018.
             Was a High Priest of Trog.
             Slain by a polar bear (3 damage)
             ... on level 2 of the Lair of Beasts.
             The game lasted 00:18:00 (10341 turns).

Fang the Cleaver (Gargoyle Berserker)              Turns: 10341, Time: 00:18:01

Health: 0/78       AC: 26    Str: 26    XL:     12   Next: 37%
Magic:  12/12      EV:  9    Int:  8    God:    Trog [*****.]
Gold:   490        SH:  0    Dex: 11    Spells: 11/11 levels left

rFire    . . .     SeeInvis .   y - +5 war axe (freeze)
rCold    . . .     Gourm    .   (no shield)
rNeg     + . .     Faith    .   b - +2 plate armour
rPois    ∞         Spirit   .   (helmet restricted)
rElec    +         Reflect  .   (no cloak)
rCorr    .         Harm     .   (no gloves)
MR       .....     Clarity  +   (no boots)
Stlth    ..........             t - amulet of the acrobat
HPRegen  0.23/turn              (no ring)
MPRegen  0.13/turn              p - +1 ring of protection

@: no status effects
A: horns 1, agile 1, clarity, negative energy resistance 1, electricity
resistance, unbreathing, petrification resistance, rot immunity, AC +8
a: Berserk, Trog's Hand, Brothers in Arms, Renounce Religion


You were on level 2 of the Lair of Beasts.
You worshipped Trog.
Trog was extremely pleased with you.
You were not hungry.

You visited 3 branches of the dungeon, and saw 13 of its levels.

You collected 490 gold pieces.

Inventory:

Hand Weapons
 y - a +5 war axe of freezing (weapon)
 D - a +0 war axe
 G - a +0 hand axe of venom
Armour
 b - a +2 plate armour (worn)
Jewellery
 i - an uncursed ring of ice
 p - a +1 ring of protection (right hand)
 s - an uncursed amulet of the gourmand
 t - an amulet of the acrobat (around neck)
Wands
 g - a wand of random effects (17)
 j - a wand of disintegration (19)
 k - a wand of flame (19)
 A - a wand of iceblast (33)
Scrolls
 e - 6 scrolls of teleportation
 q - 12 scrolls of remove curse
 r - 2 scrolls of magic mapping
 E - a scroll of blinking
Potions
 a - a potion of cancellation {unknown}
 d - 4 potions of haste
 f - a potion of agility {unknown}
 h - a potion of ambrosia {unknown}
 l - 2 potions of invisibility {unknown}
 m - 3 potions of mutation
 n - a potion of lignification {unknown}
 o - 2 potions of might
 u - a potion of brilliance
 v - 2 potions of resistance
 x - 2 potions of heal wounds {unknown}
 z - 4 potions of curing
 B - 4 potions of flight {unknown}
Comestibles
 c - 28 rations


   Skills:
 + Level 10.5 Fighting
 + Level 13.6 Axes
 + Level 9.4 Armour
 + Level 3.5 Dodging
 + Level 2.2 Stealth


You had 11 spell levels left.
You didn't know any spells.
Your spell library was empty.

Dungeon Overview and Level Annotations

Branches:
Dungeon (10/15)            Temple (1/1) D:7            Lair (2/6) D:9
  Swamp: Lair:2-4    Shoals: Lair:2-4     Snake: Lair:2-4    Spider: Lair:2-4
    Orc: D:9-12

Altars:
Ashenzari
Cheibriados
Dithmenos
Elyvilon
Fedhas
Gozag
Hepliaklqana
Kikubaaqudgha
Makhleb
Qazlal
Ru
Sif Muna
Uskayaw
Vehumet
Wu Jian
Xom
Yredelemnul
Zin

Shops:
D:8 *

Annotations:
D:4 3 runed doors, dio423's ghost, novice DsMo; shamaniam's ghost, amateur TrTm
D:6 3 runed doors, Fang's ghost, novice GrBe; gregunderscorem's ghost, novice OpFi; vgb414's ghost, novice DgTm
D:7 1 runed door, phasv2's ghost, amateur MiBe
D:10 3 runed doors, mtf's ghost, journeyman MiBe


Innate Abilities, Weirdness & Mutations

You are resistant to torment.
Your stone body is resilient. (AC +8)
You are immune to poison.
You resist negative energy. (rN+)
You are resistant to electric shocks. (rElec)
You can survive without breathing.
You are immune to petrification.
You are immune to rotting.
You have a pair of small horns on your head.
You are agile. (Dex +2)
You possess an exceptional clarity of mind.


Message History

Your iron troll goes berserk!
You feel somewhat more hungry. The polar bear bites you!
* * * LOW HITPOINT WARNING * * *
The polar bear closely misses you.
The polar bear claws you but does no damage.
The yak gores you but does no damage.
The seven-headed hydra bites you but does no damage.
The seven-headed hydra bites you!
* * * LOW HITPOINT WARNING * * *
The seven-headed hydra barely misses you.
The seven-headed hydra bites you but does no damage.
The seven-headed hydra bites you.
* * * LOW HITPOINT WARNING * * *
The seven-headed hydra bites you but does no damage. x2
You feel better.
The polar bear bites you but does no damage.
The polar bear barely misses you. The polar bear claws you.
* * * LOW HITPOINT WARNING * * *
The yak gores you but does no damage. The polar bear bites you.
You die...

#...# # #...##.##.
##......... #....###...
##...# # #...### .
#...#.##### ..>
..#####.hY#...#.##.....
.......TD@.....<.......
.###P##.###.##..####..#
# ### ###.### ##


You could see a seven-headed hydra, a polar bear (berserk), a yak and a friendly
iron troll (berserk).

Vanquished Creatures
  Josephine (D:10)
  Harold (D:10)
  A hydra (Lair:1)
  A tengu warrior (D:10)
  A two-headed ogre (D:9)
  An unseen horror (D:10)
  Pikel (D:6)
  A cyclops (D:10)
  A black mamba (Lair:1)
  Maurice (D:10)
  A spiny frog (Lair:1)
  A torpor snail (Lair:1)
  A komodo dragon (Lair:1)
  A troll (D:10)
  Grinder (D:4)
  6 hippogriffs
  A vampire (D:9)
  4 wraiths (D:10)
  12 yaks
  A wyvern (D:10)
  2 basilisks (Lair:1)
  A water moccasin (D:6)
  Duvessa (D:7)
  A porcupine (Lair:1)
  3 slaves (D:6)
  5 orc warriors
  2 black bears
  4 sky beasts
  A phantom (D:6)
  7 ogres
  2 centaurs
  A crocodile (D:7)
  A big kobold (D:9)
  7 bullfrogs
  Dowan (D:7)
  6 scorpions
  4 killer bees (D:8)
  9 wights
  A howler monkey (D:4)
  5 crimson imps
  2 bullfrog zombies
  5 hounds
  3 jellies (D:9)
  5 orc priests
  10 orc wizards
  A bullfrog skeleton (D:10)
  An iguana (D:6)
  9 worker ants
  A killer bee zombie (D:9)
  A hound zombie (D:9)
  A hound skeleton (D:8)
  A howler monkey zombie (D:6)
  A worker ant zombie (D:7)
  Robin (D:4)
  8 gnolls
  13 adders
  2 shadow imps
  4 adder zombies
  An adder skeleton (D:8)
  A worm (D:2)
  A dart slug (D:2)
  3 leopard geckos
  42 orcs
  5 bats
  9 giant cockroaches
  14 goblins
  10 hobgoblins
  4 jackals (D:3)
  4 quokkas
  2 ball pythons (D:4)
  9 frilled lizards
  12 kobolds
  2 leopard gecko skeletons
  8 rats
  A plant (Lair:1)
300 creatures vanquished.

Vanquished Creatures (collateral kills)
  A two-headed ogre (D:10)
1 creature vanquished.

Vanquished Creatures (others)
  A leopard gecko (D:6)
  6 withered plants
7 creatures vanquished.

Grand Total: 308 creatures vanquished

Notes
Turn   | Place    | Note
-------+----------+-------------------------------------------
     0 | D:1      | Fang the Gargoyle Berserker began the quest for the Orb.
     0 | D:1      | Reached XP level 1. HP: 14/14 MP: 1/1
    84 | D:1      | Reached skill level 3 in Axes
    84 | D:1      | Reached XP level 2. HP: 19/19 MP: 2/2
   500 | D:2      | Found a shattered altar of Ashenzari.
   509 | D:2      | Reached ** piety under Trog
   512 | D:2      | Reached XP level 3. HP: 24/24 MP: 3/3
   590 | D:2      | Found a blossoming altar of Fedhas.
   632 | D:2      | Found an opulent altar of Gozag.
   770 | D:2      | Reached XP level 4. HP: 29/29 MP: 4/4
  1412 | D:2      | Found a hide-covered altar of Uskayaw.
  1418 | D:2      | Found a white marble altar of Elyvilon.
  1792 | D:3      | Found a shadowy altar of Dithmenos.
  1830 | D:3      | Noticed a sky beast
  1837 | D:3      | Killed a sky beast
  1837 | D:3      | Reached skill level 4 in Axes
  1837 | D:3      | Reached XP level 5. HP: 33/33 MP: 5/5
  2279 | D:3      | Reached *** piety under Trog
  2485 | D:4      | Reached XP level 6. HP: 37/38 MP: 6/6
  2508 | D:4      | Noticed Grinder
  2508 | D:4      | Noticed Robin
  2528 | D:4      | Killed Robin
  2537 | D:4      | Killed Grinder
  2537 | D:4      | Reached skill level 5 in Axes
  2537 | D:4      | Reached XP level 7. HP: 44/44 MP: 7/7
  2700 | D:4      | Found a runed gate.
  2700 | D:4      | Found a runed gate.
  2701 | D:4      | Found a runed gate.
  2702 | D:4      | Noticed dio423's ghost (novice DsMo)
  2705 | D:4      | Noticed shamaniam's ghost (amateur TrTm)
  2782 | D:4      | Reached skill level 6 in Axes
  2801 | D:4      | Found a sacrificial altar of Ru.
  3581 | D:5      | Entered Level 5 of the Dungeon
  3651 | D:5      | Reached **** piety under Trog
  3651 | D:5      | Reached skill level 5 in Fighting
  3651 | D:5      | Reached skill level 1 in Stealth
  3651 | D:5      | Reached XP level 8. HP: 49/49 MP: 8/8
  3657 | D:5      | Reached skill level 5 in Armour
  3748 | D:5      | Found a sacrificial altar of Ru.
  4212 | D:6      | Reached skill level 7 in Axes
  4423 | D:6      | Noticed Pikel
  4436 | D:6      | Killed Pikel
  4436 | D:6      | Reached skill level 8 in Axes
  4436 | D:6      | Reached XP level 9. HP: 55/55 MP: 9/9
  4494 | D:6      | Found a runed gate.
  4508 | D:6      | Found a runed gate.
  4510 | D:6      | Found a runed gate.
  4512 | D:6      | Noticed Fang's ghost (novice GrBe)
  4513 | D:6      | Noticed gregunderscorem's ghost (novice OpFi)
  4513 | D:6      | Noticed vgb414's ghost (novice DgTm)
  4942 | D:6      | Reached skill level 9 in Axes
  5092 | D:7      | Found a staircase to the Ecumenical Temple.
  5141 | Temple   | Entered the Ecumenical Temple
  5151 | D:7      | Reached ***** piety under Trog
  5325 | D:7      | Received a gift from Trog
  5363 | D:7      | Found an ornate altar of the Wu Jian Council.
  5448 | D:7      | Noticed Dowan
  5448 | D:7      | Noticed Duvessa
  5457 | D:7      | Killed Duvessa
  5475 | D:7      | Killed Dowan
  5475 | D:7      | Reached XP level 10. HP: 19/63 MP: 10/10
  5777 | D:7      | Found a runed door.
  5777 | D:7      | Noticed phasv2's ghost (amateur MiBe)
  5817 | D:7      | Reached skill level 10 in Axes
  6246 | D:8      | Found Zin's Purification Station.
  6249 | D:8      | Found a glowing silver altar of Zin.
  6339 | D:8      | Gained mutation: You possess an exceptional clarity of
                  | mind. [potion of mutation]
  6339 | D:8      | Gained mutation: You are agile. (Dex +2) [potion of
                  | mutation]
  6339 | D:8      | Gained mutation: You have a pair of small horns on your
                  | head. [potion of mutation]
  6431 | D:8      | Found a deep blue altar of Sif Muna.
  7179 | D:9      | Found a staircase to the Lair.
  7273 | D:9      | Noticed a two-headed ogre
  7279 | D:9      | Killed a two-headed ogre
  7279 | D:9      | Reached skill level 11 in Axes
  7280 | D:9      | Received a gift from Trog
  7700 | D:10     | Entered Level 10 of the Dungeon
  7700 | D:10     | Noticed Harold
  7702 | D:10     | Noticed Josephine
  7710 | D:10     | Killed Harold
  7710 | D:10     | Reached XP level 11. HP: 69/69 MP: 11/11
  7718 | D:10     | Killed Josephine
  7742 | D:10     | Reached skill level 12 in Axes
  7977 | D:10     | Killed an unseen horror
  8174 | D:10     | Found a runed gate.
  8175 | D:10     | Noticed mtf's ghost (journeyman MiBe)
  8181 | D:10     | Found a runed gate.
  8181 | D:10     | Found a runed gate.
  8195 | D:10     | Noticed a cyclops
  8195 | D:10     | Noticed a two-headed ogre
  8204 | D:10     | Killed a cyclops
  8210 | D:10     | Killed a two-headed ogre
  8383 | D:10     | Noticed a tengu warrior
  8395 | D:10     | Killed a tengu warrior
  8600 | D:10     | Noticed Maurice
  8611 | D:10     | Killed Maurice
  8779 | D:10     | Reached skill level 13 in Axes
  9143 | Lair:1   | Entered Level 1 of the Lair of Beasts
  9294 | Lair:1   | Reached XP level 12. HP: 77/77 MP: 12/12
  9347 | Lair:1   | Reached skill level 10 in Fighting
  9616 | Lair:1   | Received a gift from Trog
  9671 | Lair:1   | Noticed an eight-headed hydra
  9689 | Lair:1   | Killed a 12-headed hydra
 10320 | Lair:2   | Noticed a seven-headed hydra
 10340 | Lair:2   | HP: 2/78 [seven-headed hydra (7)]
 10341 | Lair:2   | Slain by a polar bear

Skill      XL: |  1  2  3  4  5  6  7  8  9 10 11 12 |
---------------+-------------------------------------+-----
Axes           | 3 4 5 6 8 9 11 13 | 13.6
Fighting       | 4 5 6 7 8 9 10 | 10.5
Dodging        | 2 3 |  3.5
Armour         | 3 4 6 8 9 |  9.4
Stealth        | 1 2 |  2.2

Action                   |  1- 3 |  4- 6 |  7- 9 | 10-12 || total
-------------------------+-------+-------+-------+-------++-------
Melee: Hand axe          |   114 |   163 |   126 |       ||   403
       War axe           |       |       |   219 |   412 ||   631
       Headbutt          |       |       |       |    86 ||    86
Invok: Berserk           |     1 |     2 |     2 |     5 ||    10
       Brothers in Arms  |       |       |       |     5 ||     5
  Use: Scroll            |       |       |       |    21 ||    21
       Potion            |       |       |       |     2 ||     2
 Stab: Paralysed         |       |       |     2 |       ||     2
  Eat: Chunk             |       |    12 |    18 |    13 ||    43
       Ration            |       |       |       |     1 ||     1
Armor: Animal skin       |    33 |       |       |       ||    33
       Chain mail        |    11 |   111 |   209 |    57 ||   388
       Plate armour      |       |       |       |   295 ||   295
Dodge: Dodged            |    80 |    67 |   156 |   215 ||   518
